 Dungeon Crawl Stone Soup version 0.21.0-3-g78d12a8 (webtiles) character file.

1686252 taran the Crack Shot (level 26, 246/246 HPs)
             Began as a Centaur Summoner on Jan 6, 2018.
             Was the Champion of the Shining One.
             Escaped with the Orb
             ... and 3 runes on Jan 12, 2018!
             The game lasted 12:13:13 (68568 turns).

taran the Crack Shot (Centaur Summoner)            Turns: 68568, Time: 12:13:14

Health: 246/246    AC: 35    Str: 19      XL:     26   Next: 62%
Magic:  36/36      EV: 13    Int: 23 (24) God:    the Shining One [******]
Gold:   2939       SH:  0    Dex: 10      Spells: 10/33 levels left

rFire    + . .     SeeInvis .   b - +7 trishula (holy)
rCold    + . .     Gourm    .   (no shield)
rNeg     + + +     Faith    .   w - +5 ring mail "Pocu Cor" {rN+ Regen+ Int+4}
rPois    .         Spirit   +   V - +0 Maxwell's etheric cage {RegenMP+ *Contam rElec MP+4}
rElec    +         Reflect  .   B - +2 cloak {rC+}
rCorr    .         Harm     .   i - +2 pair of gloves
MR       +....     Rnd*Rage +   F - +4 centaur barding
Stlth    ..........             m - amulet of guardian spirit
HPRegen  0.91/turn              M - +4 ring of slaying MPRegen 0.75/turn*
                                r - ring of protection from fire

@: glowing, very quick
A: large, hooves 3, berserk 3, clever 2, clumsy 1, deformed body, deterioration
1, speed 2, tough skin 3, no potion heal 1, MP-powered wands
0: Orb of Zot
}: 3/15 runes: decaying, abyssal, gossamer
a: Divine Shield, Cleansing Flame, Summon Divine Warrior, Renounce Religion


You escaped.
You worshipped the Shining One.
The Shining One was exalted by your worship.
You were not hungry.

You visited 9 branches of the dungeon, and saw 46 of its levels.
You visited the Abyss 1 time.
You also visited: Labyrinth and Ice Cave.

You collected 5012 gold pieces.
You spent 2073 gold pieces at shops.

Inventory:

Hand Weapons
 a - a +9 longbow of freezing
 b - a +7 trishula of holy wrath (weapon)
Missiles
 o - 357 arrows
 y - 5 throwing nets
 K - 6 javelins of penetration
 U - 26 javelins (quivered)
Armour
 i - a +2 pair of gloves (worn)
 w - the +5 ring mail "Pocu Cor" (worn) {rN+ Regen+ Int+4}
   (You found it on level 2 of the Vaults)

   It affects your intelligence (+4).
   It protects you from negative energy.
   It increases your rate of regeneration.
 B - a +2 cloak of cold resistance (worn)
 F - a +4 centaur barding (worn)
 J - +4 fire dragon scales
 V - the +0 Maxwell's etheric cage (worn) {RegenMP+ *Contam rElec MP+4}
   (You found it on level 3 of the Depths)

   It insulates you from electricity.
   It affects your magic capacity (+4).
   It causes magical contamination when unequipped.
Magical Staves
 c - an uncursed staff of wizardry
Jewellery
 l - a +3 ring of evasion
 m - an amulet of guardian spirit (around neck)
 r - a ring of protection from fire (right hand)
 M - a +4 ring of slaying (left hand)
 Y - an uncursed ring of wizardry
Wands
 u - a wand of scattershot (5)
 D - a wand of acid (38)
 H - a wand of paralysis (74)
 O - a wand of digging (39)
 Q - a wand of enslavement (31)
Scrolls
 f - 17 scrolls of identify
 g - 5 scrolls of fog
 h - 3 scrolls of holy word
 k - 5 scrolls of immolation
 p - a scroll of summoning
 q - 9 scrolls of blinking
 t - 10 scrolls of teleportation
 v - 4 scrolls of magic mapping
 G - 7 scrolls of fear
 P - 2 scrolls of silence
 T - 4 scrolls of vulnerability
Potions
 d - 4 potions of berserk rage
 j - 4 potions of brilliance
 n - a potion of haste
 s - 2 potions of ambrosia
 x - 8 potions of flight
 z - a potion of curing
 A - a potion of heal wounds
 C - 5 potions of might
 L - a potion of cancellation
 X - 4 potions of agility
Miscellaneous
 e - a fan of gales
 R - 4 sacks of spiders
 W - a lamp of fire
Comestibles
 I - 69 rations


   Skills:
 - Level 22.0 Fighting
   Level 6.0 Short Blades
 - Level 10.0 Polearms
 + Level 22.4 Bows
 + Level 18.5 Armour
 + Level 14.3 Dodging
 - Level 1.1 Stealth
 - Level 4.0 Spellcasting
 - Level 5.0 Hexes
 - Level 8.0 Summonings
 - Level 5.0 Translocations
 - Level 3.0 Ice Magic
 - Level 3.0 Air Magic
 + Level 12.7 Invocations
 - Level 5.0 Evocations


You had 10 spell levels left.
You knew the following spells:

 Your Spells              Type           Power        Failure   Level  Hunger
a - Summon Small Mammal   Summ           ####         1%          1    None
b - Call Canine Familiar  Summ           #####...     1%          3    ##.....
c - Summon Ice Beast      Ice/Summ       ####....     14%         4    ####...
d - Summon Lightning Spi  Summ/Air       ####....     14%         4    ####...
e - Summon Guardian Gole  Hex/Summ       ####....     3%          3    ##.....
f - Gell's Gravitas       Tloc           ####......   5%          3    ##.....
k - Blink                 Tloc           N/A          2%          2    #......
p - Portal Projectile     Hex/Tloc       ####..       5%          3    ##.....


Dungeon Overview and Level Annotations

Branches:
Dungeon (15/15)            Temple (1/1) D:5            Lair (6/6) D:9
  Swamp (4/4) Lair:2       Spider (4/4) Lair:4        Slime (0/5) Lair:6
    Orc (2/2) D:9             Elf (0/3) Orc:2        Vaults (4/5) D:14
  Crypt (0/3) Vaults:3     Depths (5/5) D:15            Zot (5/5) Depths:5

Altars:
Ashenzari
Cheibriados
Elyvilon
Gozag
Kikubaaqudgha
Makhleb
Nemelex Xobeh
Okawaru
Ru
Trog
Uskayaw
Vehumet
Wu Jian
Xom
Yredelemnul
The Shining One
Beogh
Jiyva

Shops:
D:6 !   D:14 ?   Orc:2 (=[*   Vaults:2 *   Vaults:3 %

Portals:
Hell: Depths:1 Depths:2 Depths:3 Depths:4 Depths:5
Abyss: Depths:4 Depths:5
Pandemonium: Depths:1 Depths:3
Ziggurat: Depths:2
Trove: Depths:3 (give +5 fire dragon scales)

Annotations:
D:7 exclusion: statue
Vaults:2 Mennas


Innate Abilities, Weirdness & Mutations

You have hooves in place of feet.
Armour fits poorly on your strangely shaped body.
You cover ground very quickly.
You have extremely tough skin. (AC +3)
You have an uncontrollable temper.
Your mind is very acute. (Int +4)
You are clumsy. (Dex -2)
Your body sometimes deteriorates upon taking damage.
Potions are less effective at restoring your health.
You expend magic power (3 MP) to strengthen your wands.


Message History

The hellwing hits you but does no damage.
The hellwing barely misses you.
You regained 12 hp, and now have 245/246 hp.
You hit the hellwing but do no damage. You kick the hellwing.
The hellwing is severely wounded.
Your angel hits the hellwing with a whip of holy wrath.
The hellwing convulses!
The hellwing dies!
The Shining One accepts your kill.
Your angel hits the smoke demon with a whip of holy wrath!!
The smoke demon convulses!
Your angel hits the smoke demon with a whip of holy wrath!
The smoke demon dies!
The Shining One accepts your kill.
Health restored: 246 Magic restored.
There is an open door here.
There is a staircase leading out of the dungeon here.
MP restored: 36 You have escaped!

..#.#.#.#.#.#.#.#.###
.#.................#
.##.#.#.#.#.#.#.#.##
.######...######### .#
#..## #.# ### .# #.#####
#.# ###.# .#
#.##..####'####..##
.######.####..'...'..###
........# ####A@.####
#######.####..'...'..###
#.##..####'####..##
#A#.### #.# ###.##
#..#######.# ##.#
#..........# ###
############


You could see a friendly angel.

Vanquished Creatures
  3 ancient liches (Zot:5)
  4 orbs of fire (Zot:5)
  3 juggernauts
  Frederick (Depths:3)
  A curse toe (Zot:4)
  Saint Roka (Vaults:1)
  2 Killer Klowns (Zot:5)
  5 golden dragons
  Nikola (Vaults:2)
  Jory (Vaults:2)
  A hellephant (Abyss:4)
  2 bone dragons (Abyss:4)
  An electric golem (Zot:5)
  6 liches
  3 tentacled monstrosities
  A Hell Sentinel (Abyss:4)
  19 Orb Guardians (Zot:5)
  2 quicksilver dragons
  A titan (Depths:3)
  An Executioner (Abyss:4)
  3 death cobs
  2 sphinxes
  9 tentacled starspawn
  6 shadow dragons
  A draconian monk (Depths:5)
  2 storm dragons
  6 thorn hunters
  Kirke (Lair:6)
  7 fire giants
  10 vault wardens
  An iron dragon (Depths:3)
  4 ghost moths (Spider:4)
  A deep elf sorcerer (Vaults:4)
  5 frost giants
  6 emperor scorpions (Spider:4)
  A deep elf elementalist (Abyss:2)
  2 cacodemons (Abyss:4)
  An angel (Depths:2)
  A draconian knight (Abyss:4)
  A draconian shifter (Abyss:2)
  An orc warlord (Orc:2)
  Aizul (Depths:2)
  A draconian stormcaller (Zot:5)
  A draconian annihilator (Depths:5)
  A spriggan defender (Depths:4)
  13 ironheart preservers
  20 very ugly things
  7 stone giants
  2 yellow draconians (Depths:5)
  3 entropy weavers
  2 green draconians
  Azrael (Spider:3)
  2 black draconians
  A lorocyproca (Abyss:2)
  2 deep elf annihilators
  6 white draconians
  2 deep elf demonologists
  4 purple draconians
  2 red draconians
  A dire elephant (Lair:6)
  6 spark wasps
  A deep elf death mage (Vaults:2)
  8 ettins
  2 merfolk javelineers (Depths:2)
  A minotaur (Lab)
  8 yaktaur captains
  A green death (Abyss:4)
  Snorg (Lair:6)
  5 great orbs of eyes
  12 fire dragons
  7 rakshasas
  9 ice dragons
  13 vault guards
  5 monstrous demonspawn
  A hell beast (Depths:5)
  A caustic shrike simulacrum (Depths:5)
  3 spriggan air magi
  2 death knights
  19 hydras
  2 catoblepae
  26 two-headed ogres
  A dancing weapon (Abyss:4)
  9 alligators
  8 death yaks
  A vampire mage (Abyss:2)
  A satyr (Abyss:3)
  A queen ant (Lair:6)
  11 ogre magi
  7 deep troll earth magi
  11 deep troll shamans
  5 tengu warriors
  6 centaur warriors
  25 thrashing horrors
  5 spriggan berserkers
  3 deep elf knights
  Sonja (D:15)
  11 hell knights
  4 sixfirhies
  A titan skeleton (Abyss:4)
  3 spatial maelstroms (Abyss:4)
  6 wretched stars (Abyss:4)
  7 glowing orange brains
  16 deep trolls
  8 skeletal warriors
  4 unseen horrors
  2 unseen horrors (shapeshifter)
  3 flayed ghosts
  An obsidian statue (Zot:5)
  2 spriggan druids (Swamp:4)
  A shambling mangrove (Swamp:2)
  11 swamp dragons
  11 starcursed masses
  A phantasmal warrior (Vaults:4)
  10 orc knights
  12 harpies
  4 necromancers
  8 wizards
  Pikel (D:5)
  18 orb spiders
  6 ironbrand convokers
  3 deep elf archers
  23 wolf spiders
  7 deep elf magi
  3 oklob plants (Depths:4)
  A mana viper (Abyss:3)
  A stone giant zombie (Vaults:1)
  3 orc sorcerers
  3 shining eyes (Abyss:4)
  2 shining eyes (shapeshifter)
  A cyclops (shapeshifter) (Depths:2)
  47 ugly things
  11 moths of wrath
  A worldbinder (Abyss:3)
  A frost giant skeleton (Vaults:2)
  8 vault sentinels
  6 elephants
  3 manticores
  A black mamba (shapeshifter) (D:15)
  4 black mambas
  4 centaur zombies
  A moth of wrath (shapeshifter) (Abyss:4)
  5 cyclopes
  Joseph (D:8)
  Maurice (D:8)
  An orange demon (Abyss:2)
  4 rust devils
  14 smoke demons
  3 apocalypse crabs
  15 spiny frogs
  A spiny frog (shapeshifter) (Depths:1)
  8 gargoyles
  57 yaktaurs
  2 efreet
  3 hellions
  10 komodo dragons
  A redback zombie (D:15)
  2 tormentors (Abyss:4)
  2 ice devils
  6 demonic crawlers
  3 rime drakes
  7 freezing wraiths
  7 hellwings
  4 tengu conjurers
  2 queen bees
  6 trolls
  A troll (shapeshifter) (Vaults:4)
  24 jumping spiders
  10 ancient zymes
  2 queen bees (shapeshifter)
  A tengu simulacrum (Vaults:2)
  8 tyrant leeches
  44 slime creatures
  12 polar bears (IceCv)
  16 blink frogs
  12 hornets
  21 raiju
  7 hippogriffs
  Prince Ribbit (D:6)
  A frost giant simulacrum (Vaults:3)
  2 fire giant simulacra
  5 bog bodies
  A dream sheep (shapeshifter) (Depths:5)
  12 dream sheep
  A hippogriff (shapeshifter) (D:12)
  3 shadows
  33 tarantellas
  2 air elementals (Depths:3)
  15 flying skulls
  73 redbacks
  3 wyverns
  32 yaks
  5 spriggans
  8 water elementals
  A fire dragon skeleton (Abyss:3)
  6 ynoxinuls
  2 spriggans (shapeshifter)
  2 vampires
  6 basilisks
  2 wraiths
  A yak (shapeshifter) (Vaults:3)
  5 hogs (Lair:6)
  9 hungry ghosts
  4 fire bats
  6 vampire mosquitoes
  2 yaktaur simulacra
  5 golden eyes
  2 steam dragons
  6 chaos spawn
  A golden eye (shapeshifter) (Vaults:3)
  46 large abominations
  4 neqoxecs (Abyss:4)
  19 soldier ants
  5 wargs
  11 water moccasins
  3 spatial vortices (Abyss:4)
  A naga (shapeshifter) (Abyss:2)
  Edmund (D:5)
  2 acid dragons
  13 insubstantial wisps
  12 swamp worms
  5 hell hounds
  A floating eye (Depths:3)
  A floating eye (shapeshifter) (Vaults:3)
  6 porcupines
  9 swamp drakes
  A black bear (shapeshifter) (D:15)
  Duvessa (D:4)
  A hornet zombie (D:8)
  4 ice beasts
  37 orc warriors
  5 sky beasts
  34 ogres
  An ettin simulacrum (Vaults:2)
  A phantom (D:10)
  2 eyes of draining (Abyss:4)
  3 black bears
  20 wolves
  15 centaurs
  8 boggarts
  The ghost of mortelune the Firebug, an amateur DrFE (D:3)
  11 crocodiles
  A gnoll sergeant (D:5)
  5 big kobolds
  4 bullfrogs
  6 earth elementals
  A glowing shapeshifter simulacrum (Vaults:2)
  2 wyvern zombies (D:13)
  2 elf skeletons
  5 scorpions
  17 small abominations
  A wyvern skeleton (D:8)
  Dowan (D:4)
  60 killer bees
  9 electric eels
  16 wights
  6 howler monkeys
  10 crimson imps
  2 quasits
  A lava snake (D:13)
  3 bullfrog skeletons
  6 human zombies
  6 jellies
  A bullfrog zombie (D:10)
  5 hounds
  24 orc priests
  5 centaur skeletons
  An iron imp (Abyss:4)
  9 hell rats
  6 iguanas
  Ijyb (D:5)
  30 orc wizards
  22 worker ants
  An ogre skeleton (D:7)
  A hound skeleton (D:7)
  2 mummies (D:7)
  A worker ant zombie (D:9)
  12 adders
  8 gnolls
  10 river rats
  4 shadow imps
  A white imp (Abyss:4)
  An ooze (D:1)
  4 adder skeletons
  An adder zombie (D:7)
  A worm (D:3)
  2 dart slugs
  7 leopard geckos
  106 orcs
  6 giant cockroaches
  4 goblins (D:1)
  5 hobgoblins
  15 jackals
  25 kobolds
  6 quokkas
  4 bats
  3 frilled lizards
  A jackal zombie (D:6)
  A leopard gecko zombie (D:7)
  An orc skeleton (D:7)
  12 rats
  A lurking horror (Abyss:3)
  4 macabre masses (Abyss:4)
  2 plants
  7 starspawn tentacles
2106 creatures vanquished.

Vanquished Creatures (collateral kills)
  2 ancient liches
  Mara (Swamp:4)
  Bai Suzhen (Swamp:4)
  A curse toe (Zot:5)
  4 bone dragons
  A tentacled monstrosity (Abyss:4)
  6 Orb Guardians (Zot:5)
  A frost giant (Vaults:4)
  The ghost of p0werm0de the Grappler, a journeyman DrFE of Cheibriados (Orc:2)
  A balrug (Abyss:1)
  A cacodemon (Abyss:4)
  A very ugly thing (Depths:2)
  An entropy weaver (Lair:5)
  A stone giant (Vaults:4)
  A green death (Abyss:4)
  A great orb of eyes (Abyss:4)
  A blizzard demon (Abyss:4)
  The ghost of grom234 the Carver, a journeyman FoFi of Okawaru (D:10)
  A hydra (Swamp:4)
  2 rakshasas
  A ghost crab (Swamp:4)
  3 vault guards (D:14)
  A centaur warrior (Depths:2)
  A death knight (Abyss:4)
  A dancing weapon (Abyss:4)
  A two-headed ogre (D:14)
  2 alligators
  Urug (Orc:2)
  8 thrashing horrors
  A hell hog (Abyss:4)
  An orc high priest (Orc:2)
  4 wretched stars (Abyss:4)
  Nergalle (Orc:2)
  A shadow wraith (Abyss:4)
  2 spatial maelstroms (Abyss:4)
  A spriggan druid (Swamp:4)
  A flayed ghost (Abyss:4)
  A swamp dragon (Swamp:4)
  A harpy (shapeshifter) (Abyss:4)
  3 orc knights
  2 harpies
  2 oklob plants (Lair:6)
  A deep elf mage (D:13)
  A cyclops (D:13)
  A cyclops (shapeshifter) (D:13)
  3 ugly things (D:14)
  An orc sorcerer (Orc:2)
  2 worldbinders (Abyss:4)
  A black mamba (Lair:2)
  6 smoke demons
  A centaur zombie (D:14)
  A spiny frog (Swamp:2)
  A centaur skeleton (D:13)
  4 hellwings
  A komodo dragon (Lair:1)
  2 trolls
  2 ancient zymes
  A polar bear (IceCv)
  A hornet (Swamp:4)
  A tyrant leech (Swamp:2)
  A bog body (Swamp:4)
  A hippogriff (D:14)
  5 slime creatures
  A blink frog (Abyss:4)
  7 raiju
  2 shadows (D:13)
  2 spriggans (Swamp:4)
  3 flying skulls (Abyss:4)
  2 ynoxinuls
  A redback (Spider:3)
  2 tarantellas (Spider:3)
  A wyvern (D:13)
  An air elemental (Abyss:4)
  2 water elementals (D:14)
  2 fire bats (Abyss:4)
  4 yaks (IceCv)
  A black mamba skeleton (Abyss:4)
  A chaos spawn (Abyss:4)
  A hog (Lair:6)
  A wraith (Abyss:4)
  3 vampire mosquitoes (Swamp:2)
  2 insubstantial wisps (Abyss:4)
  A swamp worm (Swamp:4)
  A water moccasin (Lair:6)
  2 small abominations (Abyss:4)
  5 hell hounds (Spider:3)
  5 large abominations (Abyss:4)
  A swamp drake (Swamp:4)
  10 orc warriors
  A meliai simulacrum (D:13)
  A wolf (IceCv)
  A manticore skeleton (Abyss:4)
  An ogre (Orc:2)
  An earth elemental (Abyss:4)
  A bullfrog (D:12)
  A wyvern zombie (D:14)
  A wyvern skeleton (D:13)
  A crimson imp (D:14)
  10 starcursed masses (Abyss:4)
  An orc priest (Orc:2)
  Terence (D:3)
  4 orc wizards (Orc:2)
  A worker ant (D:14)
  A river rat (Lair:5)
  12 orcs
  A goblin (D:1)
  2 kobolds (D:4)
  A plant (Lair:6)
215 creatures vanquished.

Vanquished Creatures (others)
  An alligator (Swamp:4)
  An oklob plant (Lair:6)
  An ugly thing (D:14)
  2 polar bears (IceCv)
  4 dream sheep (D:4)
  2 yaks (IceCv)
  A human (Lair:6)
  3 slaves (D:5)
  A wolf (IceCv)
  2 small abominations
  2 briar patches (Swamp:4)
  13 fungi
  2 lurking horrors
  29 plants
  20 starspawn tentacles
84 creatures vanquished.

Grand Total: 2405 creatures vanquished

Notes
Turn   | Place    | Note
-------+----------+-------------------------------------------
     0 | D:1      | taran the Centaur Summoner began the quest for the Orb.
     0 | D:1      | Reached XP level 1. HP: 14/14 MP: 3/3
    53 | D:1      | Reached skill level 1 in Fighting
   170 | D:1      | Reached XP level 2. HP: 14/24 MP: 4/4
   606 | D:1      | Reached skill level 1 in Short Blades
   622 | D:1      | Reached XP level 3. HP: 29/29 MP: 5/5
   924 | D:2      | Found a shattered altar of Ashenzari.
  1021 | D:2      | Found a glowing golden altar of the Shining One.
  1027 | D:2      | Became a worshipper of the Shining One
  1032 | D:2      | Learned a level 3 spell: Call Canine Familiar
  1504 | D:3      | Reached XP level 4. HP: 29/38 MP: 6/6
  1923 | D:3      | Noticed mortelune's ghost (amateur DrFE)
  1948 | D:3      | Killed mortelune's ghost
  1948 | D:3      | Reached XP level 5. HP: 46/46 MP: 7/7
  2135 | D:3      | Found a faded altar of an unknown god.
  2184 | D:3      | Reached XP level 6. HP: 52/52 MP: 8/8
  2295 | D:3      | Noticed Terence
  2303 | D:3      | Killed Terence
  2384 | D:3      | Reached skill level 1 in Invocations
  3136 | D:4      | Reached * piety under the Shining One
  3137 | D:4      | Learned a level 4 spell: Summon Ice Beast
  3166 | D:4      | Found a burning altar of Makhleb.
  3587 | D:4      | Reached XP level 7. HP: 50/59 MP: 6/10
  3928 | D:4      | Noticed Duvessa
  3973 | D:4      | Noticed Dowan
  3995 | D:4      | Killed Duvessa
  4113 | D:4      | Killed Dowan
  4432 | D:4      | Found a shimmering altar of Xom.
  4432 | D:4      | Noticed a dream sheep
  4432 | D:4      | Noticed a dream sheep
  4432 | D:4      | Noticed a dream sheep
  4432 | D:4      | Noticed a dream sheep
  4432 | D:4      | Noticed a dream sheep
  4434 | D:4      | Killed a dream sheep
  4434 | D:4      | Killed a dream sheep
  4434 | D:4      | Killed a dream sheep
  4434 | D:4      | Killed a dream sheep
  4434 | D:4      | Killed a dream sheep
  4666 | D:4      | Reached skill level 5 in Summonings
  4693 | D:5      | Entered Level 5 of the Dungeon
  4726 | D:5      | Found an opulent altar of Gozag.
  4748 | D:5      | Reached XP level 8. HP: 66/66 MP: 11/11
  4757 | D:5      | Noticed Ijyb
  4763 | D:5      | Killed Ijyb
  4983 | D:5      | Found a glowing golden altar of the Shining One.
  4996 | D:5      | Noticed Pikel
  5034 | D:5      | Killed Pikel
  5034 | D:5      | Reached skill level 5 in Short Blades
  5034 | D:5      | Reached skill level 5 in Invocations
  5034 | D:5      | Reached skill level 1 in Evocations
  5672 | D:5      | Noticed Edmund
  5696 | D:5      | Found a bloodstained altar of Trog.
  5827 | D:5      | Killed Edmund
  6025 | D:5      | Found a staircase to the Ecumenical Temple.
  6041 | Temple   | Entered the Ecumenical Temple
  6115 | D:6      | Reached XP level 9. HP: 41/72 MP: 13/13
  6240 | D:6      | Found a sacrificial altar of Ru.
  6503 | D:5      | Reached skill level 5 in Fighting
  6683 | D:6      | Found Koppuest's Distillery.
  6746 | D:6      | Noticed Prince Ribbit
  6768 | D:6      | Killed Prince Ribbit
  6963 | D:6      | Reached skill level 1 in Armour
  7087 | D:6      | Reached ** piety under the Shining One
  7407 | D:7      | Reached skill level 1 in Bows
  7473 | D:7      | Found a basalt altar of Yredelemnul.
  7527 | D:7      | Found an ancient bone altar of Kikubaaqudgha.
  7546 | D:7      | Reached *** piety under the Shining One
  7660 | D:7      | Found a radiant altar of Vehumet.
  8064 | D:8      | Reached XP level 10. HP: 65/83 MP: 14/14
  8736 | D:8      | Noticed Joseph
  9117 | D:8      | Noticed Maurice
  9141 | D:8      | Killed Maurice
  9318 | D:8      | Killed Joseph
  9688 | D:8      | Reached **** piety under the Shining One
  9729 | D:9      | Reached skill level 5 in Bows
 10115 | D:9      | Reached skill level 5 in Armour
 10331 | D:9      | Found an ornate altar of the Wu Jian Council.
 10334 | D:9      | Found a staircase to the Orcish Mines.
 10461 | D:9      | Found a hide-covered altar of Uskayaw.
 10461 | D:9      | Found an iron altar of Okawaru.
 10476 | D:9      | Found a faded altar of an unknown god.
 10480 | D:9      | Found a faded altar of an unknown god.
 10482 | D:9      | Found a bloodstained altar of Trog.
 10534 | D:9      | Found a sparkling altar of Nemelex Xobeh.
 10555 | D:9      | Found a staircase to the Lair.
 10665 | Orc:1    | Entered Level 1 of the Orcish Mines
 10796 | Lair:1   | Entered Level 1 of the Lair of Beasts
 10915 | Orc:1    | Reached XP level 11. HP: 44/92 MP: 2/17
 11578 | Orc:2    | Entered Level 2 of the Orcish Mines
 11656 | Orc:2    | Noticed an orc knight
 11766 | Lair:1   | Reached ***** piety under the Shining One
 14243 | Lair:2   | Found a labyrinth entrance.
 14249 | Lab      | Entered a labyrinth
 14307 | Lab      | Reached XP level 12. HP: 100/104 MP: 18/18
 15382 | Lab      | Noticed a minotaur
 15439 | Lab      | Killed a minotaur
 15480 | Lab      | Identified Womeenn's Incunabulum of Earthen Boosts
 15755 | Lair:2   | You fall through a shaft!
 16064 | Lair:2   | Found a staircase to the Swamp.
 16396 | Lair:2   | Noticed a death yak
 16397 | Lair:2   | Noticed a death yak
 16464 | Lair:2   | Killed a death yak
 16464 | Lair:2   | Reached skill level 10 in Bows
 16468 | Lair:2   | Killed a death yak
 16484 | Lair:2   | Noticed a death yak
 16496 | Lair:2   | Killed a death yak
 17178 | Lair:3   | Reached skill level 10 in Fighting
 18165 | Lair:4   | Found a bloodstained altar of Trog.
 18255 | Lair:4   | Found a frozen archway.
 18399 | IceCv    | Entered an ice cave
 18863 | IceCv    | Noticed a frost giant
 18904 | IceCv    | Killed a frost giant
 18904 | IceCv    | Reached XP level 13. HP: 70/114 MP: 13/19
 19747 | Lair:4   | Found a hole to the Spider Nest.
 21103 | D:10     | Entered Level 10 of the Dungeon
 21462 | D:10     | Noticed grom234's ghost (journeyman FoFi)
 21651 | D:10     | Killed grom234's ghost
 21994 | D:10     | Identified the Grimoire of Doomed Snow
 22085 | D:10     | Reached ****** piety under the Shining One
 22972 | D:11     | Reached skill level 10 in Armour
 23108 | D:11     | Learned a level 4 spell: Summon Lightning Spire
 23112 | D:11     | Learned a level 3 spell: Summon Guardian Golem
 24100 | D:12     | Reached skill level 1 in Ice Magic
 24213 | D:12     | Reached skill level 1 in Air Magic
 24231 | D:12     | Reached skill level 1 in Hexes
 25106 | D:13     | Got a twitching pewter ring
 25171 | D:13     | Identified the ring "Kyzxeub" {*Tele rPois} (You found it on level 13 of the Dungeon)
 25261 | D:13     | Reached XP level 14. HP: 77/122 MP: 20/20
 26404 | D:14     | Found a gate to the Vaults.
 26768 | D:14     | Found a snail-covered altar of Cheibriados.
 27090 | D:14     | Found Ivarypod's Magic Scroll Shop.
 27099 | D:14     | Bought a scroll of noise for 13 gold pieces
 27099 | D:14     | Bought a scroll of identify for 26 gold pieces
 27105 | D:14     | Bought a scroll of identify for 26 gold pieces
 27105 | D:14     | Bought a scroll of identify for 26 gold pieces
 27678 | Lair:5   | Reached skill level 10 in Invocations
 27729 | Lair:5   | Got an iridescent war axe
 27730 | Lair:5   | Identified the +11 war axe "Vush" {drain, rPois Str-3 Int-2 SInv} (You found it on level 5 of the Lair of Beasts)
 28663 | Lair:6   | Entered Level 6 of the Lair of Beasts
 28928 | Lair:6   | Noticed Snorg
 28949 | Lair:6   | Killed Snorg
 29177 | Lair:6   | Noticed Kirke
 29184 | Lair:6   | Killed Kirke
 29358 | Lair:6   | Found a staircase to the Slime Pits.
 29358 | Lair:6   | Found a viscous altar of Jiyva.
 29494 | Lair:6   | Reached XP level 15. HP: 122/129 MP: 23/23
 29995 | Lair:6   | Reached skill level 5 in Dodging
 30109 | Lair:6   | Reached skill level 15 in Bows
 31781 | Orc:2    | Noticed p0werm0de's ghost (journeyman DrFE)
 31801 | Orc:2    | Killed p0werm0de's ghost
 31951 | Orc:2    | Noticed Nergalle
 31976 | Orc:2    | Killed Nergalle
 32088 | Orc:2    | Upgraded the game from 0.21.0 to 0.21.0-3-g78d12a8
 32120 | Orc:2    | Noticed Urug
 32134 | Orc:2    | Killed Urug
 32183 | Orc:2    | Noticed an orc warlord
 32193 | Orc:2    | Killed an orc warlord
 32208 | Orc:2    | Found a roughly hewn altar of Beogh.
 32316 | Orc:2    | Found Odghutz's Jewellery Emporium.
 32326 | Orc:2    | Found Umiok's Antique Weapon Emporium.
 32335 | Orc:2    | Found Ziofriwk's Antique Armour Emporium.
 32346 | Orc:2    | Found Mydi Ewk's General Store.
 32540 | Orc:2    | Bought a bloodstained chain mail for 285 gold pieces
 32550 | Orc:2    | Identified the +8 chain mail of the Fiddle {+Blink Str+4 Stlth+} (You bought it in a shop on level 2 of the Orcish Mines)
 32560 | Orc:2    | Found a staircase to the Elven Halls.
 33248 | Spider:1 | Entered Level 1 of the Spider Nest
 35169 | D:6      | Bought a potion of heal wounds for 65 gold pieces
 35169 | D:6      | Bought a potion of curing for 39 gold pieces
 35169 | D:6      | Bought a potion of berserk rage for 65 gold pieces
 35169 | D:6      | Bought a potion of curing for 39 gold pieces
 35169 | D:6      | Bought a potion of curing for 39 gold pieces
 35359 | Swamp:1  | Entered Level 1 of the Swamp
 35432 | Swamp:1  | Noticed a thorn hunter
 35442 | Swamp:1  | Killed a thorn hunter
 36468 | Swamp:1  | Reached XP level 16. HP: 139/139 MP: 25/25
 37306 | Swamp:2  | Noticed a thorn hunter
 37315 | Swamp:2  | Killed a thorn hunter
 37509 | Swamp:2  | Reached skill level 5 in Evocations
 38491 | Swamp:4  | Entered Level 4 of the Swamp
 38531 | Swamp:4  | Noticed Bai Suzhen
 38617 | Swamp:4  | Killed Bai Suzhen
 38691 | Swamp:4  | Noticed a thorn hunter
 38711 | Swamp:4  | Killed a thorn hunter
 38838 | Swamp:4  | Noticed a thorn hunter
 38858 | Swamp:4  | Killed a thorn hunter
 38860 | Swamp:4  | Noticed a thorn hunter
 38867 | Swamp:4  | Killed a thorn hunter
 39463 | Swamp:4  | Got a decaying rune of Zot
 39533 | Swamp:4  | Noticed Mara
 39572 | Swamp:4  | Killed Mara
 40353 | Spider:2 | Reached XP level 17. HP: 102/150 MP: 26/26
 41483 | Spider:3 | Got a slimy spear
 41487 | Spider:3 | Identified the +5 spear "Ihuod" {pierce, Fragile +Fly Dex+10} (You found it on level 3 of the Spider Nest)
 41686 | Spider:3 | Noticed Azrael
 41697 | Spider:3 | Killed Azrael
 42410 | Spider:4 | Entered Level 4 of the Spider Nest
 43809 | Spider:4 | Got a gossamer rune of Zot
 44141 | D:15     | Entered Level 15 of the Dungeon
 44150 | D:15     | Learned a level 2 spell: Blink
 44168 | D:15     | Identified a +4 trishula of holy wrath (a +2 demon trident of venom blessed by the Shining One)
 44168 | D:15     | Received a gift from the Shining One
 44212 | D:15     | Noticed Sonja
 44215 | D:15     | Killed Sonja
 44219 | D:15     | Reached skill level 1 in Translocations
 44538 | D:15     | Reached XP level 18. HP: 138/161 MP: 27/27
 44664 | D:15     | Found a staircase to the Depths.
 44982 | D:15     | Found a roughly hewn altar of Beogh.
 45290 | Vaults:1 | Entered Level 1 of the Vaults
 45301 | Vaults:1 | Reached skill level 1 in Polearms
 45655 | Vaults:1 | Reached skill level 15 in Fighting
 45966 | Vaults:1 | Learned a level 3 spell: Portal Projectile
 45971 | Vaults:1 | Learned a level 4 spell: Force Lance
 47573 | Vaults:2 | Reached skill level 5 in Polearms
 47739 | Vaults:2 | Noticed Mennas
 47759 | Vaults:2 | Found Samnit's Assorted Antiques.
 47777 | Vaults:2 | Noticed Jory
 47798 | Vaults:2 | Killed Jory
 47798 | Vaults:2 | Reached XP level 19. HP: 116/170 MP: 28/28
 48158 | Vaults:2 | Noticed Saint Roka
 48221 | Vaults:1 | Killed Saint Roka
 48221 | Vaults:1 | Reached skill level 5 in Translocations
 48570 | Vaults:2 | Got a slimy ring mail
 48581 | Vaults:2 | Identified the +5 ring mail "Pocu Cor" {rN+ Regen+ Int+4} (You found it on level 2 of the Vaults)
 49082 | Vaults:2 | Reached skill level 5 in Hexes
 49873 | Vaults:3 | Found a staircase to the Crypt.
 49873 | Vaults:3 | Found an ancient bone altar of Kikubaaqudgha.
 49874 | Vaults:3 | Found a basalt altar of Yredelemnul.
 49992 | Vaults:3 | Found Hiolesud's Food Shoppe.
 51271 | Vaults:2 | Noticed Nikola
 51285 | Vaults:2 | Killed Nikola
 51599 | Vaults:4 | Paralysed by an orc sorcerer for 4 turns
 52096 | Vaults:4 | Reached XP level 20. HP: 182/182 MP: 29/29
 53146 | Depths:1 | Entered Level 1 of the Depths
 53257 | Depths:1 | Got a brightly glowing robe
 53485 | Depths:1 | Paralysed by a great orb of eyes for 3 turns
 53551 | Depths:1 | Found a gateway to Hell.
 54520 | Depths:1 | Found a one-way gate leading to the halls of Pandemonium.
 54888 | Depths:2 | Noticed Aizul
 54909 | Depths:2 | Killed Aizul
 55035 | Depths:2 | Found a gateway to a ziggurat.
 55392 | Depths:2 | Reached skill level 10 in Polearms
 55580 | Depths:2 | Reached XP level 21. HP: 119/193 MP: 30/30
 55591 | Depths:2 | Identified the cursed +1 robe "Osid Yti" {MR- Str+5} (You found it on level 1 of the Depths)
 55764 | Depths:1 | Reached skill level 15 in Armour
 55764 | Depths:1 | Reached XP level 22. HP: 201/201 MP: 31/31
 55765 | Depths:1 | Reached XP level 23. HP: 209/209 MP: 32/32
 56300 | Depths:3 | Noticed Frederick
 56312 | Depths:3 | Killed Frederick
 56368 | Depths:3 | Paralysed by a sphinx for 4 turns
 56646 | Depths:3 | Found a portal to a secret trove of treasure.
 57546 | Depths:3 | Noticed a juggernaut
 57556 | Depths:3 | Killed a juggernaut
 57678 | Depths:3 | Found the +0 Maxwell's etheric cage {RegenMP+ *Contam rElec MP+4}
 57695 | Depths:3 | Got a warped longbow
 57696 | Depths:3 | Identified the +2 longbow of Viakuyma {venom, Str+4} (You found it on level 3 of the Depths)
 58922 | Depths:4 | Found a one-way gate to the infinite horrors of the Abyss.
 58951 | Depths:4 | Voluntarily entered the Abyss.
 59475 | Abyss:2  | Reached skill level 10 in Dodging
 60185 | Abyss:4  | Found a corrupted altar of Lugonu.
 60260 | Abyss:4  | Got a slimy broad axe
 60262 | Abyss:4  | Identified the +6 broad axe of Quantum Leap {pain, *Drain rPois rC++ Dex-4} (You found it on level 4 of the Abyss)
 60275 | Abyss:4  | Found a radiant altar of Vehumet.
 60365 | Abyss:4  | Found a radiant altar of Vehumet.
 60398 | Abyss:4  | Reached XP level 24. HP: 213/221 MP: 32/32
 60406 | Abyss:4  | Found a radiant altar of Vehumet.
 60486 | Abyss:4  | Paralysed by accursed screaming for 1 turns
 61560 | Abyss:4  | Noticed an ancient lich
 61566 | Abyss:4  | Killed an ancient lich
 61621 | Abyss:4  | Found a corrupted altar of Lugonu.
 61910 | Abyss:4  | Gained mutation: You occasionally shout uncontrollably at your foes. [a shining eye]
 62007 | Abyss:4  | HP: 11/224 [bone dragon (14)]
 62073 | Abyss:4  | Got an abyssal rune of Zot
 62094 | Abyss:4  | Found a corrupted altar of Lugonu.
 62132 | Depths:4 | Escaped the Abyss
 62374 | Vaults:2 | Bought a potion of haste for 290 gold pieces
 62374 | Vaults:2 | Bought a lamp of fire for 1160 gold pieces
 62375 | Vaults:2 | Lost mutation: You occasionally shout uncontrollably at your foes. [potion of mutation]
 62375 | Vaults:2 | Gained mutation: You are resistant to hostile enchantments. (MR+) [potion of mutation]
 62375 | Vaults:2 | Gained mutation: You have a pair of small horns on your head. [potion of mutation]
 62375 | Vaults:2 | Lost mutation: You are resistant to hostile enchantments. (MR+) [potion of mutation]
 62375 | Vaults:2 | Gained mutation: Your spells are a little harder to cast, but a little more powerful. [potion of mutation]
 62399 | Vaults:1 | Gained mutation: You are weak. (Str -2) [mutagenic glow]
 62550 | Depths:4 | Lost mutation: You are weak. (Str -2) [potion of mutation]
 62550 | Depths:4 | Gained mutation: You are somewhat resistant to further mutation. [potion of mutation]
 63325 | Depths:5 | Entered Level 5 of the Depths
 63335 | Depths:4 | Reached XP level 25. HP: 233/233 MP: 29/32
 63876 | Depths:5 | Identified the -1 cloak "Zamog" {rF+ rN++ Int+3} (You found it on level 5 of the Depths)
 64194 | Depths:5 | Found a gate to the Realm of Zot.
 64353 | Depths:5 | Lost mutation: You have a pair of small horns on your head. [potion of mutation]
 64353 | Depths:5 | Lost mutation: Your spells are a little harder to cast, but a little more powerful. [potion of mutation]
 64353 | Depths:5 | Lost mutation: You are somewhat resistant to further mutation. [potion of mutation]
 64353 | Depths:5 | Gained mutation: Your mind is acute. (Int +2) [potion of mutation]
 64353 | Depths:5 | Gained mutation: Your mind is very acute. (Int +4) [potion of mutation]
 64353 | Depths:5 | Gained mutation: You expend magic power (3 MP) to strengthen your wands. [potion of mutation]
 64353 | Depths:5 | Gained mutation: You are agile. (Dex +2) [potion of mutation]
 65052 | Depths:5 | Noticed a juggernaut
 65052 | Depths:5 | Noticed a juggernaut
 65063 | Depths:5 | Killed a juggernaut
 65112 | Depths:5 | Killed a juggernaut
 65222 | Zot:1    | Entered Level 1 of the Realm of Zot
 65404 | Zot:1    | Learned a level 3 spell: Gell's Gravitas
 66434 | Zot:5    | Entered Level 5 of the Realm of Zot
 67158 | Zot:5    | Noticed an orb of fire
 67160 | Zot:5    | Noticed an ancient lich
 67172 | Zot:5    | Killed an orb of fire
 67181 | Zot:5    | Killed an ancient lich
 67181 | Zot:5    | Reached XP level 26. HP: 177/245 MP: 17/32
 67194 | Zot:5    | Noticed an ancient lich
 67214 | Zot:5    | Killed an ancient lich
 67250 | Zot:5    | Noticed an orb of fire
 67261 | Zot:5    | Noticed an orb of fire
 67262 | Zot:5    | Noticed an orb of fire
 67269 | Zot:5    | Noticed an orb of fire
 67302 | Zot:5    | Lost mutation: You are agile. (Dex +2) [an orb of fire]
 67305 | Zot:5    | Noticed an orb of fire
 67307 | Zot:5    | Gained mutation: You tend to lose your temper in combat. [an orb of fire]
 67311 | Zot:5    | Gained mutation: You often lose your temper in combat. [an orb of fire]
 67321 | Zot:5    | Gained mutation: Your body sometimes deteriorates upon taking damage. [an orb of fire]
 67322 | Zot:5    | Killed an orb of fire
 67330 | Zot:5    | Killed an orb of fire
 67491 | Zot:5    | Noticed an ancient lich
 67498 | Zot:5    | Killed an ancient lich
 67534 | Zot:5    | Noticed an ancient lich
 67539 | Zot:5    | Killed an ancient lich
 67856 | Zot:5    | Got the Orb of Zot
 67881 | Zot:5    | Gained mutation: You have an uncontrollable temper. [an orb of fire]
 67886 | Zot:5    | Gained mutation: Potions are less effective at restoring your health. [an orb of fire]
 67888 | Zot:5    | Killed an orb of fire
 67935 | Zot:5    | Gained mutation: You are clumsy. (Dex -2) [an orb of fire]
 67960 | Zot:5    | Noticed Opronest the pandemonium lord
 68119 | Depths:2 | Noticed Ziriug the pandemonium lord
 68568 | D:$      | Escaped with the Orb!

Skill      XL: |  1  2  3  4  5  6  7  8  9 10 11 12 13 14 15 16 17 18 19 20 21 22 23 24 25 26 |
---------------+-------------------------------------------------------------------------------+-----
Fighting       | 1 2 3 4 6 7 9 10 11 12 13 14 15 16 17 18 19 20 21 22 | 22.0
Short Blades   | 1 2 3 4 5 6 |  6.0
Invocations    | 2 4 5 6 9 10 12 | 12.7
Spellcasting   | 2 3 4 |  4.0
Summonings     | 4 5 6 7 8 |  8.0
Evocations     | 2 3 4 5 |  5.0
Armour         | 2 5 7 9 10 11 12 13 14 15 16 17 18 | 18.5
Bows           | 2 6 9 11 13 14 15 17 21 22 | 22.4
Ice Magic      | 1 3 |  3.0
Air Magic      | 1 3 |  3.0
Hexes          | 1 2 4 5 |  5.0
Dodging        | 2 4 5 7 8 10 12 13 14 | 14.3
Translocations | 2 4 5 |  5.0
Polearms       | 5 8 10 | 10.0
Stealth        | |  1.1

Action                   |  1- 3 |  4- 6 |  7- 9 | 10-12 | 13-15 | 16-18 | 19-21 | 22-24 | 25-27 || total
-------------------------+-------+-------+-------+-------+-------+-------+-------+-------+-------++-------
Melee: Unarmed           |    27 |       |       |       |       |       |       |       |       ||    27
       Kick              |    11 |    17 |    46 |   122 |   184 |    98 |    59 |   291 |    19 ||   847
       Dagger            |    91 |   131 |   142 |   603 |   689 |    93 |       |       |       ||  1749
       Short sword       |     3 |       |       |       |       |       |       |       |       ||     3
       Trident           |       |     6 |    98 |     6 |       |       |       |       |       ||   110
       Dire flail        |       |       |    59 |    59 |   124 |    14 |       |       |       ||   256
       Halberd           |       |       |       |    17 |     5 |       |       |       |       ||    22
       Trishula          |       |       |       |       |       |   236 |   272 |  1096 |    73 ||  1677
       Staff             |       |       |       |       |       |    11 |       |       |       ||    11
       Headbutt          |       |       |       |       |       |       |       |     5 |     9 ||    14
 Fire: Hunting sling     |       |       |    13 |       |       |       |       |       |       ||    13
       Shortbow          |       |       |     2 |   378 |   314 |       |       |       |       ||   694
       Longbow           |       |       |       |       |   616 |  1133 |   850 |   589 |   710 ||  3898
Throw: Stone             |    19 |    51 |    25 |       |       |       |       |       |       ||    95
       Tomahawk          |       |       |     1 |    22 |    34 |       |       |       |       ||    57
       Javelin           |       |       |       |       |       |     3 |     6 |    34 |     4 ||    47
 Cast: Summon Small Mamm |     3 |     2 |     5 |     3 |     4 |       |       |       |       ||    17
       Call Canine Famil |       |     8 |     5 |    11 |    11 |     1 |     2 |       |       ||    38
       Summon Ice Beast  |       |       |       |     1 |     7 |     6 |     1 |       |       ||    15
       Summon Guardian G |       |       |       |       |     7 |     4 |     1 |       |       ||    12
       Summon Lightning  |       |       |       |       |     5 |       |     2 |       |       ||     7
       Portal Projectile |       |       |       |       |       |       |     9 |    15 |     7 ||    31
       Blink             |       |       |       |       |       |       |     1 |     4 |     4 ||     9
Invok: Summon Divine War |       |       |       |       |     4 |     5 |     2 |     9 |     7 ||    27
       Brand Weapon With |       |       |       |       |       |     1 |       |       |       ||     1
       Cleansing Flame   |       |       |       |       |       |       |       |     5 |       ||     5
Evoke: Wand              |       |       |     7 |    24 |    27 |     6 |     1 |     9 |    10 ||    84
       Lamp of fire      |       |       |       |       |       |       |       |     1 |       ||     1
  Use: Scroll            |       |     3 |    11 |    13 |    17 |     4 |     7 |     6 |    13 ||    74
       Potion            |       |     2 |       |     7 |     9 |     1 |     1 |    13 |     9 ||    42
 Stab: Distracted        |     1 |       |       |       |       |       |       |       |       ||     1
  Eat: Chunk             |       |     7 |    11 |    25 |    44 |    22 |    19 |    18 |     6 ||   152
       Ration            |       |       |     1 |     7 |     2 |     3 |     1 |     2 |     3 ||    19
Armor: Robe              |    35 |    21 |    14 |       |       |       |       |       |       ||    70
       Skin              |       |    13 |       |    64 |       |       |       |       |       ||    77
       Scale mail        |       |       |    50 |   283 |   253 |       |       |       |       ||   586
       Leather armour    |       |       |       |       |   376 |    42 |       |       |       ||   418
       Chain mail        |       |       |       |       |    10 |   247 |     1 |       |       ||   258
       Swamp dragon scal |       |       |       |       |       |   166 |       |       |       ||   166
       Ring mail         |       |       |       |       |       |       |   288 |   627 |   129 ||  1044
Dodge: Dodged            |    46 |    34 |    36 |   125 |   314 |   197 |   168 |   615 |   130 ||  1665
